 Dungeon Sprint DCSS version 0.17-a0-1718-g72dbe4d (webtiles) character file.

32 Kidiri the Sneak (level 3, -8/16 HPs)
             Began as a Spriggan Enchanter on Aug 26, 2015.
             Mangled by a wolf (9 damage)
             ... in the Dungeon (Sprint III: "The Ten Rune Challenge").
             The game lasted 00:01:14 (208 turns).

Kidiri the Sneak (Spriggan Enchanter)                Turns: 208, Time: 00:01:14

Health: -8/16      AC:  3    Str:  4    XL:     3   Next: 8%
Magic:  1/10       EV: 20    Int: 16    God:
Gold:   14         SH:  0    Dex: 17    Spells: 4 memorised, 2 levels left

rFire  . . .     SeeInvis +     a - +3 dagger
rCold  . . .     Clarity  .     b - +1 robe
rNeg   . . .     SustAt   .     (shield restricted)
rPois  .         Gourm    .     (helmet restricted)
rElec  .         Spirit   .     (no cloak)
rCorr  .         Warding  .     (gloves unavailable)
rMut   .         NoTele   +     (boots unavailable)
MR     .....                    (no amulet)
Stlth  ++++......               (no ring)
                                (no ring)

@: very slightly contaminated, very quick, not resistant to hostile
enchantments, stealthy
A: unfitting armour, see invisible, herbivore 3, speed 3, slow metabolism 2
a: no special abilities


You were in the Dungeon.
You were not hungry.

You visited 1 branch You collected 14 gold pieces.

Inventory:

Hand weapons
 a - a +3 dagger (weapon)
Armour
 b - a +1 robe (worn)
Scrolls
 j - a scroll of blinking
Potions
 e - a potion of curing
 g - a potion of haste
 h - 2 potions of magic
 i - a potion of berserk rage
Books
 c - a book of Maledictions

   Spells                             Type                      Level
   a - Corona                         Hexes                        1
   b - Ensorcelled Hibernation        Hexes/Ice                    2
   c - Confuse                        Hexes                        3
   d - Tukima's Dance                 Hexes                        3
   e - Dazzling Spray                 Conjuration/Hexes            3
Comestibles
 d - a bread ration


   Skills:
 + Level 2.5 Short Blades
 * Level 5.2 Dodging
 * Level 6.4 Stealth
 * Level 4.5 Spellcasting
 + Level 4.4 Hexes
 + Level 0.0 Ice Magic


You had 2 spell levels left.
You knew the following spells:

 Your Spells              Type           Power        Failure   Level  Hunger
a - Corona                Hex            ###....      2%          1    None
b - Ensorcelled Hibernat  Hex/Ice        ##....       12%         2    ##.....
c - Confuse               Hex            ###.....     10%         3    ###....
d - Tukima's Dance        Hex            ###.....     10%         3    ###....


Dungeon Overview and Level Annotations

Branches:
Dungeon (1/1)

Altars:


Innate Abilities, Weirdness & Mutations

You are tiny and cannot use many weapons and most armour.
You have supernaturally acute eyesight.
You are a herbivore.
You cover ground extremely quickly.
You need consume almost no food.


Message History

Aim: a human (almost dead, chance to defeat MR: 41%)
You miscast Ensorcelled Hibernation.
You are very lightly contaminated with residual magic.
Your skin tingles.
The wolf closely misses you. The wolf misses you.
Casting: Ensorcelled Hibernation
Confirm with . or Enter, or press ? or * to list all spells.
Aiming: Ensorcelled Hibernation
Press: ? - help, Shift-Dir - straight line, f/p - human
Aim: a human (almost dead, chance to defeat MR: 41%)
The wolf resists with some effort.
The wolf barely misses you.
Casting: Ensorcelled Hibernation
Confirm with . or Enter, or press ? or * to list all spells.
Aiming: Ensorcelled Hibernation
Press: ? - help, Shift-Dir - straight line, f/p - human
Aim: a human (almost dead, chance to defeat MR: 41%)
The wolf resists with some effort.
The wolf bites you!
* * * LOW HITPOINT WARNING * * *
The wolf bites you!
Ouch! That really hurt!
You die...

▓.....#....≈♣♣
▓....[#...≈≈..♣♣♣ #
▓....%#..≈≈≈≈.♣...+
▓####%#..≈≈≈≈≈≈♣♣.#
▓)....#.≈≈≈≈≈≈....#
▓.....#.≈≈≈≈≈.....#
▓.....#.≈≈≈.......#
▓'#####...........#
▓..@hp............#
▓▓▓▓▓▓▓▓▓▓▓▓▓▓▓▓▓▓▓


You could see a human and a wolf.

Vanquished Creatures
  Jessica (D)
  An ooze (D)
  2 rats (D)
4 creatures vanquished.

Vanquished Creatures (others)
  A yaktaur (D)
  3 plants (D)
4 creatures vanquished.

Grand Total: 8 creatures vanquished

Notes
Turn   | Place    | Note
--------------------------------------------------------------
     0 | D        | Kidiri the Spriggan Enchanter began the quest for the Orb.
     0 | D        | Reached XP level 1. HP: 9/9 MP: 5/5
     9 | D        | Reached skill level 5 in Stealth
    16 | D        | Noticed Jessica
    30 | D        | Killed Jessica
    30 | D        | Reached skill level 5 in Dodging
    30 | D        | Reached skill level 6 in Stealth
    30 | D        | Reached XP level 2. HP: 8/13 MP: 5/8
    30 | D        | Reached XP level 3. HP: 9/16 MP: 6/10
    46 | D        | Learned a level 2 spell: Ensorcelled Hibernation
    48 | D        | Killed a yaktaur
    50 | D        | Learned a level 3 spell: Confuse
    54 | D        | Learned a level 3 spell: Tukima's Dance
   182 | D        | Noticed a wolf
   208 | D        | Mangled by a wolf

Vault maps used:
D:        dungeon_sprint_mu

Action                   || total
-------------------------++-------
Melee: Dagger            ||    19
 Cast: Ensorcelled Hiber ||     4
  Use: Potion            ||     1
 Stab: Sleeping          ||     2
